Unix NetHack Version 3.7.0-89 Work-in-progress - last build Sep 7 2023 15:16:41 (8494bff02b67719303c47e298deaa89034127798,branch:master). Game began 2023-09-08 23:24:06, ended 2023-09-08 23:37:02. MargeBouvier, neutral male gnomish Wizard -------- -------- |......| ##-......| .......| |.o....| |....<.| ------------- #-......| |......| |C.........C. ##o|......| |......| |.....C.....| #oouof....| --.----- |...-----...| ## |o@....| ## |...|.{.|....#### -------- # |..C|{.{|C..| ## # |...|.{ |....## ##### # |...-.---...|#%############# ### |.....C.....|# #### -----.--.- |C.........C| # |........| ------------- ######.^>......| |........| |........| ---------- MargeBouvier the Thaumaturge St:5 Dx:18 Co:11 In:19 Wi:9 Ch:10 Neutral Dlvl:7 $:125 HP:0(41) Pw:4(58) AC:9 Exp:6 T:3155 Stressed Latest messages: Scrag-Bag bites the manes. In what direction? The spell hits the manes! You destroy the manes! The door opens. You swap places with Scrag-Bag. The door opens. You don't have enough energy to cast that spell. Scrag-Bag misses the Uruk-hai. The Uruk-hai wields a crude short sword! Scrag-Bag bites the Uruk-hai. The Uruk-hai thrusts his crude short sword at Scrag-Bag. The Uruk-hai hits Scrag-Bag. Scrag-Bag bites the Uruk-hai. The Uruk-hai thrusts his crude short sword at Scrag-Bag. The Uruk-hai hits Scrag-Bag. You kill the Uruk-hai! The Uruk-hai wields a crude short sword! The Uruk-hai picks up a crude short sword. You hit the Uruk-hai. You hit the Uruk-hai. You kill the Uruk-hai! The Uruk-hai picks up a spear. You hit the Uruk-hai! The Uruk-hai wields a spear! The Uruk-hai shoots 2 poisoned crude arrows! You are hit by the 1st poisoned crude arrow! You are hit by the 2nd poisoned crude arrow. Scrag-Bag bites the manes. The manes is destroyed! You hit the Uruk-hai. The Uruk-hai thrusts her spear. The Uruk-hai hits! The Uruk-hai shoots a poisoned crude arrow! The poisoned crude arrow misses Scrag-Bag. You are hit by a poisoned crude arrow. You rebalance your load. Movement is difficult. You feel weaker! The Uruk-hai thrusts her spear. The Uruk-hai hits! You don't have enough energy to cast that spell. You don't have enough stamina to move. The Uruk-hai thrusts her spear. The Uruk-hai hits! You die... Do you want your possessions identified? [ynq] (y) Do you want to see your attributes? [ynq] (y) Do you want an account of creatures vanquished? [ynaq] (y) Do you want to see your conduct and achievements? [ynq] (y) Do you want to see the dungeon overview? [ynq] (y) Inventory: Coins $ - 125 gold pieces Weapons B - 9 +0 darts H - 7 +0 shuriken D - a fireproof +0 elven dagger a - a blessed +1 quarterstaff (weapon in hands) Armor z - an uncursed +0 orcish helm G - an uncursed +0 orcish helm w - a cursed +0 orcish helm b - an uncursed +0 cloak of magic resistance (being worn) J - a blessed +1 dwarvish cloak Comestibles E - 2 uncursed cloves of garlic n - an uncursed food ration Scrolls R - a blessed scroll of blank paper S - an uncursed scroll of blank paper T - a cursed scroll of blank paper i - 2 uncursed scrolls of destroy armor j - an uncursed scroll of earth I - an uncursed scroll of food detection t - an uncursed scroll of identify q - a blessed scroll of punishment o - 3 uncursed scrolls of teleportation Spellbooks x - an uncursed spellbook of cure blindness k - a blessed spellbook of force bolt v - an uncursed spellbook of magic missile l - an uncursed spellbook of remove curse Potions r - an uncursed potion of confusion M - an uncursed potion of extra healing g - an uncursed potion of gain ability P - an uncursed potion of hallucination f - an uncursed potion of healing h - an uncursed potion of paralysis W - a blessed potion of polymorph p - an uncursed potion of restore ability F - a cursed potion of sleeping Rings e - an uncursed +3 ring of increase accuracy (on right hand) d - an uncursed ring of teleport control (on left hand) Wands m - a wand of light (0:12) N - a wand of opening (0:3) c - a wand of sleep (0:4) Tools C - an uncursed leash O - a magic marker (0:95) Gems/Stones L - an uncursed worthless piece of violet glass MargeBouvier the Wizard's attributes: Background: You were a Thaumaturge, a level 6 male gnomish Wizard. You were neutral, on a mission for Thoth who was opposed by Ptah (lawful) and Anhur (chaotic). You were in the Dungeons of Doom, on level 7. You entered the dungeon 3155 turns ago. It was nighttime. You had 433 experience points, 207 more were needed to attain level 7. Basics: You had 0 out of 41 hit points. You had 4 out of 58 energy points (spell power). Your armor class was 9. Your wallet contained 125 zorkmids. Autopickup was off. Final Characteristics: Your strength was 5 (peak:11, limit:18/50). Your dexterity was 18 (limit:18). Your constitution was 11 (limit:18). Your intelligence was 19 (limit:19). Your wisdom was 9 (limit:18). Your charisma was 10 (limit:18). Final Status: You were not hungry. You were stressed; movement was moderately slowed. You were wielding a quarterstaff. You had basic skill with quarterstaff. Final Attributes: You were piously aligned. You were magic-protected. You had infravision. You had teleport control. You had a small bonus to hit (+3). You were warded. You are dead. Miscellaneous: You never encountered a bones level. Total elapsed playing time was 12 minutes and 56 seconds. Major events: Turn 1: MargeBouvier the neutral male gnomish Wizard entered the dungeon 853: attained the rank of Conjurer (level 3) 2781: attained the rank of Thaumaturge (level 6) 3155: killed by an Uruk-hai Vanquished creatures: a dingo a water nymph 2 Uruk-hai a rock mole a fog cloud a yellow light a violet fungus a gnome leader a red naga hatchling a golden naga hatchling an elf zombie a straw golem a paper golem a floating eye a homunculus a kobold shaman 4 rothes a giant bat 2 iguanas 5 killer bees a coyote a gas spore 2 hobbits 3 manes a large kobold a cave spider a yellow mold a gnome zombie a gecko 2 jackals a fox 2 kobolds 3 goblins 4 sewer rats a grid bug 3 bats 2 lichens 2 newts 61 creatures vanquished. No species were genocided or became extinct. Voluntary challenges: You read items or engraved 6 times. You engraved Elbereth 2 times. You never genocided any monsters. You never polymorphed an object. You never changed form. You used no wishes. Achievements: You attained the rank of Conjurer. You attained the rank of Thaumaturge. The Dungeons of Doom: levels 1 to 8 Level 1: A fountain. Level 2: Level 3: Level 4: A fountain, a grave. Level 5: A fountain. Level 6: An altar to Thoth. Level 7: <- You were here. Many fountains. Final resting place for you, killed by an Uruk-hai. Level 8: Game over: ---------- / \ / REST \ / IN \ / PEACE \ / \ | MargeBouvier | | 125 Au | | killed by an | | Uruk-hai | | | | | | 2023 | *| * * * | * _________)/\\_//(\/(/\)/\//\/|_)_______ Goodbye MargeBouvier the Wizard... You died in The Dungeons of Doom on dungeon level 7 with 2205 points, and 125 pieces of gold, after 3155 moves. You were level 6 with a maximum of 41 hit points when you died.